 Dungeon Crawl Stone Soup version 0.31.0-32-g396128a36d (webtiles) character file.

Game seed: 2940119236660138572

7 spaghetti the Caller (level 2, -1/22 HPs)
             Began as a Naga Summoner on Apr 17, 2024.
             Slain by a hobgoblin (5 damage)
             ... on level 1 of the Dungeon.
             The game lasted 00:00:27 (219 turns).

spaghetti the Caller (Naga Summoner)                 Turns: 219, Time: 00:00:27

Health: -1/22      AC:  1    Str: 10    XL:     2   Next: 0%
Magic:  5/5        EV:  9    Int: 15    God:
Gold:   18         SH:  0    Dex: 11    Spells: 5/6 levels left

rFire   . . .        (no weapon)
rCold   . . .        (no shield)
rNeg    . . .        a - +0 robe
rPois   +            (no helmet)
rElec   .            (no cloak)
rCorr   .            (no gloves)
SInv    +            (no barding)
Will    .....        (no amulet)
Stlth   ++           (no ring)
HPRegen 0.23/turn    (no ring)
MPRegen 0.09/turn

%: no passive effects
@: very slow
A: AC +0, large, see invisible, deformed body, poison resistance, slowness 2,
spit poison 1, naga tail 1
a: Spit Poison


You were on level 1 of the Dungeon.
You visited 1 branch of the dungeon, and saw 1 of its levels.

You collected 18 gold pieces.

Inventory:

Armour
 a - a +0 robe (worn)
Scrolls
 d - a scroll of silence {unknown}
 e - a scroll of revelation {unknown}
Potions
 b - a potion of magic
 c - a potion of haste {unknown}


   Skills:
 - Level 1.5 Dodging
 - Level 3.0 Stealth
 + Level 2.5 Spellcasting
 - Level 4.0 Summonings


You had 5 spell levels left.
You knew the following spells:

 Your Spells              Type           Power      Damage    Failure   Level
a - Summon Small Mammal   Summ           52%        N/A       4%          1

Your spell library contained the following spells:

 Spells                   Type           Power      Damage    Failure   Level
 Call Imp                 Summ           26%        N/A       6%          2
 Call Canine Familiar     Summ           13%        N/A       12%         3
 Summon Blazeheart Golem  Fire/Summ      7%         N/A       67%         4
 Summon Lightning Spire   Summ/Air       7%         N/A       67%         4


Dungeon Overview and Level Annotations

Branches:
Dungeon (1/15)

Altars:


Innate Abilities, Weirdness & Mutations

Your serpentine skin is tough. (AC +0)
You have supernaturally acute eyesight. (SInv)
Armour fits poorly on your strangely shaped body.
Your system is resistant to poisons. (rPois)
You cover ground very slowly.
You can spit poison.
You have a snake-like lower body.


Message History

The ball python is moderately wounded.
The ball python barely misses you.
You hit the ball python.
The ball python is severely wounded.
The ball python bites you.
You are too injured to fight recklessly!
You are too injured to fight recklessly!
You are too injured to fight recklessly!
You are too injured to fight recklessly!
You are too injured to fight recklessly!
You are too injured to fight recklessly!
You are too injured to fight recklessly!
You are too injured to fight recklessly!
You are too injured to fight recklessly!
You are too injured to fight recklessly!
You are too injured to fight recklessly!
You are too injured to fight recklessly!
You are too injured to fight recklessly!
You are too injured to fight recklessly!
You are too injured to fight recklessly!
You hit the ball python.
You kill the ball python!
You have reached level 2!
The hobgoblin shouts!
You see here a ball python corpse.
The hobgoblin hits you. x2
You hit the hobgoblin.
The hobgoblin is heavily wounded.
The hobgoblin hits you.
You hit the hobgoblin.
The hobgoblin is severely wounded.
The hobgoblin hits you.
You barely miss the hobgoblin.
The hobgoblin is severely wounded.
The hobgoblin hits you.
* * * LOW HITPOINT WARNING * * *
You hit the hobgoblin but do no damage.
The hobgoblin is severely wounded.
The hobgoblin hits you.
You die...

#..#.....# ##....)...#
#).#.#######....#.....
###....#####............
#............##.##......
#.#....########..# .....
#......## ##.#......
#......# ##.....#
#......# #.†.#..#
######## #@#.......
#.g.$...... #..........
........... ##..(..####
....### ...# ...#


You could see a hobgoblin.

Vanquished Creatures
  An endoplasm (D:1)
  2 goblins (D:1)
  A ball python (D:1)
  A rat (D:1)
5 creatures vanquished.

Vanquished Creatures (collateral kills)
  A hobgoblin (D:1)
1 creature vanquished.

Grand Total: 6 creatures vanquished

Notes
Turn   | Place    | Note
-------+----------+-------------------------------------------
     0 | D:1      | spaghetti the Naga Summoner began the quest for the Orb.
     0 | D:1      | Reached XP level 1. HP: 15/15 MP: 3/3
     6 | D:1      | Noticed a snapping turtle
     6 | D:1      | Noticed an eight-headed hydra
     6 | D:1      | Noticed a mana viper
     7 | D:1      | Noticed a wolf
     7 | D:1      | Noticed a killer bee
   214 | D:1      | Reached XP level 2. HP: 17/22 MP: 5/5
   219 | D:1      | Slain by a hobgoblin

Illustrated notes

Levels and vault maps discovered:
D:1:      onia_arrival_zoo_common, layout_rooms, serial_shops,
          nicolae_shop_gaudy_bauble

Action                     || total
---------------------------++-------
  Melee: Unarmed           ||    23
   Cast: Summon Small Mamm ||     4
Ability: Spit Poison       ||     2
   Stab: Sleeping          ||     1
 Armour: Robe              ||    17
  Dodge: Dodged            ||     4
